 Dungeon Sprint DCSS version 0.27-a0-592-g0306a34022 (webtiles) character file.

Game seed: 269329974106778994

21 mhtbhm the Shield-Bearer (level 2, -1/29 HPs)
             Began as a Minotaur Fighter on Mar 11, 2021.
             Was a Follower of Trog.
             Slain by a gnoll
             ... wielding a +0 club
              (3 damage)
             ... in the Dungeon (Sprint VII: "The Pits").
             The game lasted 00:00:25 (219 turns).

mhtbhm the Shield-Bearer (Minotaur Fighter)          Turns: 219, Time: 00:00:25

Health: -1/29      AC:  7    Str: 20    XL:     2   Next: 62%
Magic:  1/1        EV:  7    Int:  5    God:    Trog [*.....]
Gold:   0          SH:  9    Dex:  9    Spells: 1/1 levels left

rFire    . . .     SeeInvis .   a - +2 hand axe
rCold    . . .     Faith    .   c - +0 kite shield
rNeg     . . .     Spirit   .   b - +0 scale mail
rPois    .         Reflect  .   (helmet restricted)
rElec    .         Harm     .   (no cloak)
rCorr    .         Rampage  .   (no gloves)
Will     .....     NoTele   +   (no boots)
Stlth    ..........             (no amulet)
HPRegen  0.09/turn              (no ring)
MPRegen  0.07/turn              (no ring)

@: no status effects
A: horns 2, retaliatory headbutt
a: Renounce Religion, Berserk


You were in the Dungeon.
You worshipped Trog.
Trog was aware of your devotion.
You visited 1 branch

Inventory:

Hand Weapons
 a - a +2 hand axe (weapon)
Armour
 b - a +0 scale mail (worn)
 c - a +0 kite shield (worn)
Scrolls
 j - a scroll of blinking
 l - a scroll of summoning
Potions
 d - a potion of might
 e - a potion of curing
 f - a potion of heal wounds
 g - a potion of haste
 h - 4 potions of magic
 i - 3 potions of berserk rage
 k - 2 potions of invisibility


   Skills:
 + Level 5.0 Fighting
 + Level 3.2 Axes
 + Level 4.8 Armour
 + Level 5.2 Shields


You had one spell level left.
You didn't know any spells.
Your spell library was empty.

Dungeon Overview and Level Annotations

Branches:
Dungeon (1/1)

Altars:
Cheibriados
Dithmenos
Elyvilon
Fedhas
Gozag
Hepliaklqana
Makhleb
Nemelex Xobeh
Okawaru
Qazlal
Ru
Sif Muna
Trog
Vehumet
Wu Jian
Xom
Yredelemnul
Zin
The Shining One
Beogh
Jiyva
Lugonu


Innate Abilities, Weirdness & Mutations

You have a pair of horns on your head.
You reflexively headbutt those who attack you in melee.


Message History

An ooze comes into view.
A gnoll comes into view. It is wielding a +0 spear.
The gnoll moves out of view.
You hear a shout!
You barely miss the gnoll.
The ooze quivers.
The gnoll hits you but does no damage. The gnoll hits you with a +0 club.
An ooze comes into view.
The gnoll hits you from afar with a +0 spear.
The gnoll hits you but does no damage.
The ooze quivers.
You hit the gnoll but do no damage. The gnoll hits you but does no damage.
A gnoll comes into view.
The gnoll hits you but does no damage. The gnoll closely misses you.
The gnoll hits you with a +0 club.
Unknown command.
You hit the gnoll.
The gnoll is heavily wounded.
You block the gnoll's attack.
The gnoll hits you from afar with a +0 vorpal spear.
A gnoll shaman comes into view. It is wielding a +0 club.
The gnoll shaman shouts!
The ooze hits you but does no damage. You block the gnoll's attack.
The gnoll hits you with a +0 club.
There is an open door here.
Unknown command.
You hit the gnoll.
The gnoll is lightly wounded.
You barely miss the gnoll shaman. You hit the gnoll. You hit the ooze.
The ooze hits you.
The gnoll hits you with a +0 vorpal spear!
* * * LOW HITPOINT WARNING * * *
x2 The gnoll hits you but does no damage.
You block the gnoll's attack.
You slash the gnoll!
The gnoll is severely wounded.
You hit the ooze. You barely miss the gnoll.
You hit the gnoll shaman but do no damage.
You block the ooze's attack. You block the gnoll's attack.
The gnoll hits you with a +0 club.
You die...

##########.##..........
#...........'..........
#+#####'#####......#..#
#.....# #..........
#.....# ####'#####+
###'### #.......#
#.....# #.......#
#....g# #.......#
####@## #...<...#
#..Jggg..##.......#
#...Jgg..##.......#
###########.......#
#########


You could see a gnoll shaman, 5 gnolls and 2 oozes.

Vanquished Creatures
  An adder (D)
  A river rat (D)
  A bat (D)
  A frilled lizard (D)
  A rat (D)
5 creatures vanquished.

Notes
Turn   | Place    | Note
-------+----------+-------------------------------------------
     0 | D        | mhtbhm the Minotaur Fighter began the quest for the Orb.
     0 | D        | Reached XP level 1. HP: 19/19 MP: 0/0
    12 | D        | Reached XP level 2. HP: 28/28 MP: 1/1
    16 | D        | Found a bloodstained altar of Trog.
    16 | D        | Found a shimmering blue altar of Sif Muna.
    16 | D        | Found a viscous altar of Jiyva.
    16 | D        | Found a hazy altar of Hepliaklqana.
    16 | D        | Found an opulent altar of Gozag.
    17 | D        | Found a glowing golden altar of the Shining One.
    17 | D        | Found a glowing silver altar of Zin.
    17 | D        | Found a basalt altar of Yredelemnul.
    17 | D        | Found a shimmering altar of Xom.
    17 | D        | Found an ornate altar of the Wu Jian Council.
    17 | D        | Found a sacrificial altar of Ru.
    17 | D        | Found a stormy altar of Qazlal.
    17 | D        | Found an iron altar of Okawaru.
    17 | D        | Found a sparkling altar of Nemelex Xobeh.
    17 | D        | Found a burning altar of Makhleb.
    17 | D        | Found a blossoming altar of Fedhas.
    17 | D        | Found a white marble altar of Elyvilon.
    17 | D        | Found a shadowy altar of Dithmenos.
    17 | D        | Found a snail-covered altar of Cheibriados.
    19 | D        | Found a radiant altar of Vehumet.
    19 | D        | Found a corrupted altar of Lugonu.
    21 | D        | Became a worshipper of Trog the Wrathful
    66 | D        | Reached skill level 5 in Fighting
    66 | D        | Reached skill level 5 in Shields
   170 | D        | Reached * piety under Trog
   219 | D        | Slain by a gnoll

Illustrated notes

Levels and vault maps discovered:
D:        pitsprint [storerooms_1, entrance_room_1, metal_vault_8, armoury_1,
          mini_pit_1, grid_room_1, main_hall_1, silver_pit, the_coven_3,
          the_vestibule_1, steel_vault_5, golden_pit, hallway_of_sentries,
          crystal_vault_2, iron_vault_1, final_vault]

Skill      XL: |  1  2 |
---------------+-------+-----
Fighting       | 4 5 |  5.0
Armour         | 4 |  4.8
Shields        | 4 5 |  5.2
Axes           | 3 |  3.2

Action                   || total
-------------------------++-------
Melee: War axe           ||     2
       Hand axe          ||    13
Armor: Scale mail        ||     9
Dodge: Dodged            ||     3
Block: Kite shield       ||    13

Table legend: (Time is in decaauts)
 A = Elapsed time spent in this place.
 B = Non-inter-level travel time spent in this place.
 C = Inter-level travel time spent in this place.
 D = Time resting spent in this place.
 E = Time spent auto-exploring this place.
 F = Levels seen in this place.
 G = Mean time per level.
                   A        B        C        D        E       F      G
               +--------+--------+--------+--------+--------+-----+--------+
         Total |    223 |    223 |      0 |    137 |      0 |   1 |  223.0 |
       Dungeon |    223 |    223 |      0 |    137 |      0 |   1 |  223.0 |
               +--------+--------+--------+--------+--------+-----+--------+

Top non-repeatable levels by time:
       D: 223 daAuts
